 Dungeon Crawl Stone Soup version 0.30-a0-881-g1ff12e1e11 (webtiles) character file.

Game seed: 11847826351723288095

86 FexLirch the Chopper (level 4, -17/57 (63) HPs)
             Began as a Naga Monk on Mar 14, 2023.
             Killed by an exploding ogre (31 damage)
             ... ignited by their inner flame
             ... on level 3 of the Dungeon.
             The game lasted 00:03:43 (2226 turns).

FexLirch the Chopper (Naga Monk)                    Turns: 2226, Time: 00:03:43

HP:   -17/57 (63)   AC:  2    Str: 16    XL:     4   Next: 49%
MP:   4/4           EV: 10    Int: 10    God:
Gold: 183           SH:  0    Dex: 13    Spells: 3/3 levels left

rFire   . . .      SeeInvis +    a - +0 hand axe
rCold   . . .      Faith    .    (no shield)
rNeg    . . .      Spirit   .    b - +0 robe
rPois   +          Reflect  .    (no helmet)
rElec   .          Rampage  .    (no cloak)
rCorr   .                        (no gloves)
Will    .....                    (no barding) Stlth
                                 (no amulet)
HPRegen 0.29/turn                (no ring)
MPRegen 0.09/turn                (no ring)

@: berserking, drained, quick
A: AC +1, large, see invisible, deformed body, poison resistance, slowness 2,
spit poison 1, naga tail 1
a: Spit Poison


You were on level 3 of the Dungeon.
You visited 1 branch of the dungeon, and saw 3 of its levels.

You collected 183 gold pieces.

Inventory:

Hand Weapons
 a - a +0 hand axe (weapon)
Missiles
 f - 32 stones
 j - 3 poisoned darts
Armour
 b - a +0 robe (worn)
Magical Staves
 d - a staff of air
Wands
 m - a wand of polymorph (7)
 t - a wand of flame (18)
Scrolls
 e - 6 scrolls of identify {unknown}
 g - a scroll of enchant weapon {unknown}
 h - a scroll of poison {unknown}
 k - a scroll of teleportation {unknown}
 l - a scroll of immolation
 o - a scroll of enchant armour {unknown}
 p - a scroll of brand weapon {unknown}
 q - a scroll of vulnerability {unknown}
 s - a scroll of noise {unknown}
Potions
 c - a potion of ambrosia
 n - a potion of flight {unknown}


   Skills:
 - Level 3.0 Fighting
 + Level 5.1 Axes
 - Level 2.4 Dodging
 - Level 3.0 Stealth


You had 3 spell levels left.
You didn't know any spells.
Your spell library contained the following spells:

 Spells                   Type           Power      Damage    Failure   Level
 Ozocubu's Armour         Ice            0%         N/A       75%         3
 Ozocubu's Refrigeration  Ice            0%         4d7       100%        7


Dungeon Overview and Level Annotations

Branches:
Dungeon (3/15)

Altars:
Nemelex Xobeh

Shops:
D:3 *

Annotations:
D:3 1 transporter


Innate Abilities, Weirdness & Mutations

Your serpentine skin is tough. (AC +1)
You have supernaturally acute eyesight. (SInv)
Armour fits poorly on your strangely shaped body.
Your system is resistant to poisons. (rPois)
You cover ground very slowly.
You can spit poison.
You have a snake-like lower body.


Message History

The floor.
Unknown command.
Unknown command.
Okay, then.
Unknown command.
Unknown command.
Aiming: Polymorph
Press: ? - help, Shift-Dir - straight line, f - ogre
Aim: an ogre, wielding a +0 giant club (will become a wyvern, a boggart, or a hound, chance to affect: 49%)
Okay, then.
Unknown command.
Unknown command.
As you read the scroll labelled TUKERO ATIOMPO, it crumbles to dust.
The creatures around you are filled with an inner flame!
It was a scroll of immolation.
The ogre hits you with a +0 giant club.
Okay, then.
Unknown command.
It was a potion of curing.
You feel better.
The ogre hits you with the +4 great mace of Pibuoviele {drain, Int+5 Dex+3}!
* * * LOW HITPOINT WARNING * * *
You feel drained.
* * * LOW HITPOINT WARNING * * *
It was a potion of berserk rage.
A red film seems to cover your vision as you go berserk!
You feel yourself moving faster!
You feel mighty! The ogre completely misses you. The ogre closely misses you.
You slash the ogre!
Flame seeps out of the ogre.
The ogre is heavily wounded.
You hit the ogre.
Flame seeps out of the ogre.
The ogre is engulfed in blazing flames.
Flame seeps out of the ogre.
The ogre barely misses you.
You are too berserk!
You slash the ogre! You barely miss the ogre.
The ogre explodes!
The fiery explosion engulfs the ogre!
Flame seeps out of the ogre.
The ogre is heavily wounded.
The fiery explosion engulfs Nabski's ghost!!!
The fiery explosion engulfs you!!
Ouch! That really hurt!
You die...

## #.............#
#....## #.....©.©.....#
#....## ###############
#....'. ##....$?..?..##
#....## ######
#.#..#.#..#.# #...##
.....# #..##...##..#
#.### ####.## #..#
§§§##..#####...#
###...###
#.#..#○#..#.#.....#.#
..##.##.#
#©...O@§....#.......#
...###..#
#####################
....#...#### #........#
....'...'..####........#
...##...##....#........#
...##...#####.####†....#
...##...# #.#
#..###.##### ...##...#
#.###.## #.....#
...##...# #..##.#
#####.#


You could see an ogre (inner flame).

Vanquished Creatures
  An ogre (D:3)
  The ghost of Nabski the Firebug, an amateur TeFE (D:3)
  Jessica (D:3)
  An adder (D:2)
  2 dart slugs
  An orc (D:3)
  5 endoplasms
  A goblin (D:2)
  3 hobgoblins
  4 jackals (D:1)
  3 kobolds
  4 quokkas
  4 ball pythons
  2 bats (D:1)
  6 frilled lizards
  10 rats
49 creatures vanquished.

Notes
Turn   | Place    | Note
-------+----------+-------------------------------------------
     0 | D:1      | FexLirch the Naga Monk began the quest for the Orb.
     0 | D:1      | Reached XP level 1. HP: 21/21 MP: 1/1
   125 | D:1      | Reached XP level 2. HP: 28/28 MP: 2/2
   834 | D:2      | Reached skill level 4 in Axes
  1025 | D:2      | Found a sparkling altar of Nemelex Xobeh.
  1045 | D:2      | Reached XP level 3. HP: 34/34 MP: 3/3
  1545 | D:3      | Found a faded altar of an unknown god.
  1563 | D:3      | Noticed Jessica
  1574 | D:3      | Killed Jessica
  1575 | D:3      | Reached skill level 5 in Axes
  1575 | D:3      | Reached XP level 4. HP: 32/42 MP: 4/4
  1890 | D:3      | Found Xog Bateo's General Store.
  2037 | D:3      | Noticed Ijyb
  2043 | D:3      | Ijyb changed into Ijyb the orc
  2043 | D:3      | Noticed Ijyb
  2045 | D:3      | Killed Ijyb the orc
  2210 | D:3      | Found a transporter.
  2213 | D:3      | Noticed Nabski's ghost (amateur TeFE)
  2220 | D:3      | Found a transporter.
  2220 | D:3      | Noticed an ogre
  2221 | D:3      | Identified the +4 great mace of Pibuoviele {drain, Int+5
                  | Dex+3}
  2221 | D:3      | Noticed an ogre
  2226 | D:3      | Killed an ogre
  2226 | D:3      | Killed Nabski's ghost
  2226 | D:3      | Killed by an exploding ogre... ignited by their inner flame

Illustrated notes

Levels and vault maps discovered:
D:1:      kennysheep_arrival_seaside, layout_basic
D:2:      layout_loops_ring, basic_altar, due_unseen_surprise
D:3:      layout_basic, basic_ecumenical_altar, serial_shops,
          nicolae_shop_hallway_stairs, gammafunk_ghost_smash,
          nrook_loot_triangle, uniq_jessica, uniq_ijyb

Skill      XL: |  1  2  3 |
---------------+----------+-----
Axes           | 4 5 |  5.1
Fighting       | |  3.0
Dodging        | |  2.4
Stealth        | |  3.0

Action                     |  1- 3 |  4- 6 || total
---------------------------+-------+-------++-------
  Melee: Hand axe          |    83 |    42 ||   125
         Punch             |     2 |       ||     2
Ability: Spit Poison       |     9 |     1 ||    10
  Evoke: Wand              |       |     1 ||     1
    Use: Potion            |       |     2 ||     2
         Scroll            |       |     1 ||     1
   Stab: Sleeping          |     6 |     2 ||     8
 Armour: Robe              |    14 |     2 ||    16
  Dodge: Dodged            |    54 |    24 ||    78

Table legend: (Time is in decaauts)
 A = Elapsed time spent in this place.
 B = Non-inter-level travel time spent in this place.
 C = Inter-level travel time spent in this place.
 D = Time resting spent in this place.
 E = Time spent auto-exploring this place.
 F = Levels seen in this place.
 G = Mean time per level.
                   A        B        C        D        E       F      G
               +--------+--------+--------+--------+--------+-----+--------+
         Total |   2880 |   2806 |     74 |    102 |   2232 |   3 |  960.0 |
       Dungeon |   2880 |   2806 |     74 |    102 |   2232 |   3 |  960.0 |
               +--------+--------+--------+--------+--------+-----+--------+

Top non-repeatable levels by time:
     D:1: 1067 daAuts
     D:2: 939 daAuts
     D:3: 873 daAuts
